 Dungeon Crawl Stone Soup version 0.27-a0-1136-g0b992a5a9d (webtiles) character file.

Game seed: 10757207688929192855

24 ytrimaz the Insei (level 3, -2/27 HPs)
             Began as a Djinni Transmuter on May 6, 2021.
             Slain by an iguana (5 damage)
             ... on level 2 of the Dungeon.
             The game lasted 00:04:09 (2117 turns).

ytrimaz the Insei (Djinni Transmuter)               Turns: 2117, Time: 00:04:10

Health: -2/27      AC:  2    Str:  9    XL:     3   Next: 2%
Gold:   69         EV: 12    Int: 15    God:
                   SH:  0    Dex: 13

rFire    + + .     SeeInvis .     - Unarmed
rCold    x . .     Faith    .   (no shield)
rNeg     . . .     Spirit   .   a - +0 robe
rPois    ∞         Reflect  .   (no helmet)
rElec    .         Harm     .   (no cloak)
rCorr    .         Rampage  .   (no gloves)
Will     .....                  (boots unavailable)
Stlth    +.........             (no amulet)
HPRegen  0.09/turn              (no ring)
MPRegen  0.00/turn              (no ring)

@: flying, hasted, very quick
A: sickness immunity, fire resistance 2, cold vulnerability 1, float, innate
caster, hp casting, extra vitality 1
a: no special abilities


You were on level 2 of the Dungeon.
You visited 1 branch of the dungeon, and saw 2 of its levels.

You collected 69 gold pieces.

Inventory:

Armour
 a - a +0 robe (worn)
Scrolls
 c - a scroll of blinking {unknown}


   Skills:
 + Level 1.0 Fighting
 + Level 2.6 Dodging
 + Level 3.4 Unarmed Combat
 + Level 2.1 Spellcasting


You couldn't memorise any spells.
You knew the following spells:

 Your Spells              Type           Power      Damage    Failure   Level
a - Beastly Appendage     Tmut           16%        N/A       9%          1
b - Wereblood             Tmut           8%         N/A       14%         2
c - Spider Form           Tmut/Pois      4%         N/A       26%         3
d - Ice Form              Ice/Tmut       8%         N/A       65%         4
e - Hydra Form            Tmut           4%         N/A       94%         5
f - Freeze                Ice            32%        1d5       9%          1
Your spell library was empty.

Dungeon Overview and Level Annotations

Branches:
Dungeon (2/15)

Altars:

Shops:
D:1 :


Innate Abilities, Weirdness & Mutations

You are immune to sickness and miasma.
You are immune to poison.
Your flesh is very heat resistant. (rF++)
You are vulnerable to cold. (rC-)
You float through the air rather than walking.
You learn spells naturally, not from books.
Your magical power is your life essence.
You have superior vitality. (+4 HP)


Message History

The adder is heavily wounded.
The adder bites you but does no damage.
Your magical contamination has completely faded away.
Casting: Beastly Appendage (safe; 10% risk of failure)
Confirm with . or Enter, or press ? or * to list all spells.
You grow a pair of large bovine horns.
The adder barely misses you. The adder bites you but does no damage.
You barely miss the adder. Your headbutt misses the adder.
The adder is heavily wounded.
The adder bites you.
You hit the adder.
You kill the adder!
You have reached level 3!
Your experience leads to an increase in your attributes!
Increase (S)trength, (I)ntelligence, or (D)exterity?
You feel clever.
The power to cast Freeze wells up from within.
Spell assigned to 'f'.
Your transformation is almost over.
Your primal bloodlust is almost over.
You howl as the wereblood boils in your veins!
You howl as the wereblood boils in your veins!
Your horns disappear.
Your primal bloodlust has ended.
An iguana comes into view.
An iguana is nearby!
The iguana hisses angrily.
Casting: Beastly Appendage (safe; 9% risk of failure)
Confirm with . or Enter, or press ? or * to list all spells.
You miscast Beastly Appendage.
You are very lightly contaminated with residual magic.
Nothing appears to happen.
The iguana bites you!
Ouch! That really hurt!
You barely miss the iguana. The iguana bites you.
* * * LOW HITPOINT WARNING * * *
Your magical contamination has completely faded away.
The iguana bites you.
* * * LOW HITPOINT WARNING * * *
There is a stone staircase leading up here.
It was a potion of haste.
You feel yourself speed up. The iguana bites you.
You die...

#....... ##.....# #..(...
## ##### #.....#
.######...#####...... .#
### ....##.............# ..
#.. #.#.##...#####.#####
#.#.. #.#.###.######.####
#.... #..@l...# #.......#
####.#.####.##### #.##.##.#
#.......###.# #.##.##.#
#.........#######.##....#
#.#.#.##.......##.####..#
#.#.##.......##.####..##
#....#.......##.........
#######.#..................
..#....#.......###..##....


You could see an iguana.

Vanquished Creatures
  An adder (D:2)
  3 bats
  2 hobgoblins (D:1)
  2 jackals (D:1)
  A quokka (D:1)
  4 ball pythons (D:1)
  2 frilled lizards (D:1)
  A rat (D:1)
16 creatures vanquished.

Notes
Turn   | Place    | Note
-------+----------+-------------------------------------------
     0 | D:1      | ytrimaz the Djinni Transmuter began the quest for the Orb.
     0 | D:1      | Reached XP level 1. HP: 17/17 MP: 0/0
   313 | D:1      | Found Aladips's Book Shoppe.
   556 | D:1      | Reached XP level 2. HP: 16/22 MP: 0/0
  1881 | D:2      | Reached XP level 3. HP: 8/27 MP: 0/0
  1881 | D:2      | Learned a level 1 spell: Freeze
  2117 | D:2      | Slain by an iguana

Illustrated notes

Levels and vault maps discovered:
D:1:      minmay_arrival_split_and_join, layout_basic, serial_shops,
          nicolae_shop_behind_doors, minmay_misc_feat_rugged
D:2:      layout_loops_cross, uniq_sigmund

Skill      XL: |  1  2 |
---------------+-------+-----
Spellcasting   | 2 |  2.1
Fighting       | |  1.0
Dodging        | |  2.6
Unarmed Combat | |  3.4

Action                   || total
-------------------------++-------
Melee: Unarmed           ||    64
       Headbutt          ||     3
 Cast: Beastly Appendage ||    15
       Wereblood         ||     2
  Use: Potion            ||     1
Armor: Robe              ||    12
Dodge: Dodged            ||    55

Table legend: (Time is in decaauts)
 A = Elapsed time spent in this place.
 B = Non-inter-level travel time spent in this place.
 C = Inter-level travel time spent in this place.
 D = Time resting spent in this place.
 E = Time spent auto-exploring this place.
 F = Levels seen in this place.
 G = Mean time per level.
                   A        B        C        D        E       F      G
               +--------+--------+--------+--------+--------+-----+--------+
         Total |   2113 |   2107 |      6 |    431 |   1475 |   2 | 1056.5 |
       Dungeon |   2113 |   2107 |      6 |    431 |   1475 |   2 | 1056.5 |
               +--------+--------+--------+--------+--------+-----+--------+

Top non-repeatable levels by time:
     D:1: 1771 daAuts
     D:2: 342 daAuts
